 Dungeon Crawl Stone Soup version 0.22-a0-322-g60b3cfd (webtiles) character file.

6041 xccam the Cleaver (level 11, -1/83 HPs)
             Began as a Formicid Fighter on Apr 2, 2018.
             Was a Priest of Cheibriados.
             Killed from afar by an electric eel (8 damage)
             ... with a bolt of electricity
             ... on level 8 of the Dungeon.
             The game lasted 00:20:11 (6466 turns).

xccam the Cleaver (Formicid Fighter)                Turns: 6466, Time: 00:20:11

Health: -1/83      AC: 13    Str: 30    XL:     11   Next: 11%
Magic:  24/24      EV: 14    Int: 17    God:    Cheibriados [***...]
Gold:   419        SH: 13    Dex: 19    Spells: 10/10 levels left

rFire    + . .     SeeInvis +   a - +0 war axe
rCold    . . .     Gourm    .   c - +0 shield
rNeg     . . .     Faith    .   k - +3 ring mail {rF+}
rPois    .         Spirit   .   (helmet unavailable)
rElec    .         Reflect  .   t - +1 cloak
rCorr    .         Harm     .   n - +0 pair of gloves
MR       +....                  (no boots)
Stlth    +.........             w - amulet of regeneration
HPRegen  0.63/turn              m - ring of magical power
MPRegen  0.19/turn              (no ring)

@: very slow
A: permanent stasis, dig shafts and tunnels, four strong arms, antennae 3
a: Dig, Shaft Self, Bend Time, Temporal Distortion, Renounce Religion


You were on level 8 of the Dungeon.
You worshipped Cheibriados.
Cheibriados was most pleased with you.
You were not hungry.

You visited 2 branches of the dungeon, and saw 10 of its levels.
You also visited: Ossuary.

You collected 419 gold pieces.

Inventory:

Hand Weapons
 a - a +0 war axe (weapon)
Armour
 c - a +0 shield (worn)
 k - a +3 ring mail of fire resistance (worn)
 n - a +0 pair of gloves (worn)
 t - a +1 cloak (worn)
Jewellery
 m - a ring of magical power (left hand)
 w - an amulet of regeneration (around neck)
Wands
 r - a wand of digging (13)
 z - a wand of iceblast (8)
Scrolls
 g - a scroll of vulnerability {unknown}
 h - 4 scrolls of remove curse
 i - 2 scrolls of enchant armour
 o - 2 scrolls of identify
 q - a scroll of blinking {unknown}
 s - 2 scrolls of random uselessness {unknown}
 x - a scroll of fear {unknown}
 y - a scroll of amnesia {unknown}
 A - a scroll of enchant weapon {unknown}
Potions
 e - a potion of curing
 j - a potion of resistance
 l - a potion of magic
 p - 5 potions of flight
 v - a potion of brilliance
Comestibles
 d - 3 chunks of flesh
 f - 15 rations


   Skills:
 + Level 6.7 Fighting
 - Level 10.0 Axes
 + Level 6.7 Armour
 + Level 4.7 Dodging
 - Level 9.0 Shields
 + Level 6.3 Invocations


You had 10 spell levels left.
You didn't know any spells.

Dungeon Overview and Level Annotations

Branches:
Dungeon (9/15)             Temple (1/1) D:5
   Lair: D:8-11         Orc: D:9-12

Altars:
Cheibriados
Elyvilon
Fedhas
Gozag
Nemelex Xobeh
Okawaru
Qazlal
Sif Muna
Trog
Uskayaw
Vehumet


Innate Abilities, Weirdness & Mutations

You cannot be hasted, slowed, berserked, paralysed or teleported.
You can dig through walls and to a lower floor.
Your four strong arms can wield two-handed weapons with a shield.
You have a pair of large antennae on your head. (SInv)


Message History

The electric eel shoots out a bolt of lightning at you!
The bolt of electricity misses you. The bolt of electricity hits you!
Unknown command.
Unknown command.
The electric eel shoots out a bolt of lightning at you!
The bolt of electricity hits you! x2
The electric eel shoots out a bolt of lightning at you!
The bolt of electricity hits you! x2
* * * LOW HITPOINT WARNING * * *
The electric eel shoots out a bolt of lightning at you!
The bolt of electricity misses you.
The electric eel shoots out a bolt of lightning at you!
The bolt of electricity hits you!
* * * LOW HITPOINT WARNING * * *
The electric eel shoots out a bolt of lightning at you!
The bolt of electricity hits you!
* * * LOW HITPOINT WARNING * * *
The electric eel shoots out a bolt of lightning at you!
The bolt of electricity hits you!
You die...

##...#....≈≈.≈
≈≈.≈..#
#...#.....;..
≈..≈...
#####........
.......
#........
......#
#........
######
#........
#........
#........ ###
#@....... #..
######### #.#
#.# #.# #..
###


You could see an electric eel.

Vanquished Creatures
  A two-headed ogre (D:8)
  The ghost of Nattefrost the Slinger, a novice GnHu of Okawaru (D:8)
  Joseph (D:8)
  A troll (D:8)
  A hornet (D:7)
  Prince Ribbit (D:5)
  A hippogriff (D:9)
  A spriggan (D:7)
  A wyvern (D:9)
  A hungry ghost (D:7)
  Edmund (D:5)
  2 orc warriors (D:8)
  A phantom (D:7)
  2 ice beasts (D:8)
  5 ogres
  3 wolves (D:8)
  A sky beast (D:8)
  A centaur (D:7)
  3 bullfrogs
  3 scorpions
  4 water moccasin zombies (Ossuary)
  5 killer bees (D:7)
  2 howler monkeys
  4 crimson imps
  6 hounds
  A jelly (D:8)
  4 orc wizards
  A centaur skeleton (D:6)
  An iguana (D:8)
  2 worker ants
  2 big kobold zombies (Ossuary)
  3 hound skeletons
  A howler monkey zombie (D:8)
  2 mummies (Ossuary)
  9 adders
  4 gnolls (D:9)
  2 river rats (D:6)
  A shadow imp (D:6)
  5 oozes
  An adder skeleton (D:4)
  8 adder zombies
  3 worms
  3 dart slugs
  9 leopard geckos
  17 orcs
  6 ball pythons
  7 giant cockroaches
  3 gnoll zombies (Ossuary)
  13 goblins
  8 hobgoblins
  3 kobolds
  3 quokkas
  9 bats
  9 frilled lizards
  4 hobgoblin zombies (Ossuary)
  5 kobold zombies (Ossuary)
  A leopard gecko skeleton (D:7)
  3 orc zombies (Ossuary)
  9 rats
215 creatures vanquished.

Notes
Turn   | Place    | Note
-------+----------+-------------------------------------------
     0 | D:1      | xccam the Formicid Fighter began the quest for the Orb.
     0 | D:1      | Reached XP level 1. HP: 18/18 MP: 1/1
    38 | D:1      | Reached XP level 2. HP: 18/24 MP: 2/2
   128 | D:1      | Reached skill level 3 in Axes
   204 | D:1      | Reached XP level 3. HP: 28/29 MP: 3/3
   885 | D:2      | Reached skill level 4 in Axes
   885 | D:2      | Reached XP level 4. HP: 22/35 MP: 4/4
  2078 | D:3      | Reached XP level 5. HP: 41/41 MP: 5/5
  2227 | D:3      | Reached skill level 5 in Axes
  2354 | D:4      | Reached XP level 6. HP: 44/47 MP: 6/6
  2378 | D:4      | Noticed an ogre
  2392 | D:4      | HP: 1/47 [ogre/giant spiked club (9)]
  2393 | D:4      | Killed an ogre
  2393 | D:4      | Reached skill level 6 in Axes
  2675 | D:4      | Found a hide-covered altar of Uskayaw.
  3064 | D:5      | Entered Level 5 of the Dungeon
  3123 | D:5      | Found a sparkling altar of Nemelex Xobeh.
  3124 | D:5      | Noticed an ogre
  3131 | D:5      | Killed an ogre
  3131 | D:5      | Reached skill level 7 in Axes
  3131 | D:5      | Reached XP level 7. HP: 23/52 MP: 7/7
  3448 | D:5      | Noticed Prince Ribbit
  3541 | D:5      | Noticed Edmund
  3552 | D:5      | Killed Edmund
  3552 | D:5      | Reached skill level 8 in Axes
  3827 | D:5      | Found a staircase to the Ecumenical Temple.
  3834 | Temple   | Entered the Ecumenical Temple
  3856 | Temple   | Became a worshipper of Cheibriados the Contemplative
  3931 | D:5      | Killed Prince Ribbit
  3931 | D:5      | Reached skill level 9 in Axes
  3931 | D:5      | Reached XP level 8. HP: 20/58 MP: 8/8
  4288 | D:6      | Reached skill level 10 in Axes
  4462 | D:6      | Reached * piety under Cheibriados
  4619 | D:6      | Reached skill level 5 in Shields
  4784 | D:7      | Found a sand-covered staircase.
  4793 | D:7      | Reached XP level 9. HP: 60/64 MP: 9/9
  4813 | Ossuary  | Entered an ossuary
  4855 | Ossuary  | Reached ** piety under Cheibriados
  5205 | D:7      | Reached *** piety under Cheibriados
  5257 | D:7      | Reached skill level 1 in Invocations
  5284 | D:7      | Noticed a hornet
  5294 | D:7      | Killed a hornet
  5294 | D:7      | Reached skill level 1 in Dodging
  5366 | D:7      | Reached XP level 10. HP: 64/72 MP: 12/12
  5556 | D:8      | Noticed Nattefrost's ghost (novice GnHu)
  5779 | D:8      | Killed Nattefrost's ghost
  5779 | D:8      | Reached skill level 5 in Fighting
  5779 | D:8      | Reached skill level 5 in Armour
  5832 | D:8      | You fall through a shaft!
  5975 | D:8      | Noticed a two-headed ogre
  5998 | D:9      | Reached skill level 5 in Invocations
  6207 | D:8      | Killed a two-headed ogre
  6267 | D:8      | Reached XP level 11. HP: 81/83 MP: 15/15
  6320 | D:8      | Found a white marble altar of Elyvilon.
  6323 | D:8      | Noticed Joseph
  6350 | D:8      | Killed Joseph
  6466 | D:8      | Killed from afar by an electric eel

Vault maps used:
D:1:      onia_arrival_handbag, serial_bayou_ford_a, item_on_display_a
D:4:      eat_drink_and_be_merry_uskayaw
D:5:      minmay_temple_entry_overgrown, first_ration,
          nemelex_dance_club_becter, uniq_prince_ribbit1, uniq_edmund
D:6:      portal_sewer_entry_e
D:7:      nicolae_ossuary_entry_ruins, the_bakery
D:8:      erik_lair_island, basic_altar, uniq_joseph
Temple:   regret_index_temple_sigil_plot
Ossuary:  ossuary_tomb_2

Skill      XL: |  1  2  3  4  5  6  7  8  9 10 11 |
---------------+----------------------------------+-----
Axes           | 3 4 5 7 9 10 | 10.0
Shields        | 5 9 |  9.0
Invocations    | 2 5 6 |  6.3
Dodging        | 2 4 |  4.7
Fighting       | 4 6 |  6.7
Armour         | 4 6 |  6.7

Action                   |  1- 3 |  4- 6 |  7- 9 | 10-12 || total
-------------------------+-------+-------+-------+-------++-------
Melee: War axe           |   105 |   161 |   387 |   170 ||   823
Invok: Temporal Distorti |       |       |       |     4 ||     4
 Abil: Shaft Self        |       |       |       |     1 ||     1
Evoke: Wand              |       |       |     7 |       ||     7
  Use: Potion            |       |     1 |     6 |     9 ||    16
       Scroll            |       |       |     8 |       ||     8
 Stab: Invisible         |       |       |       |     3 ||     3
  Eat: Chunk             |       |     7 |     6 |       ||    13
       Ration            |       |       |     1 |     1 ||     2
Armor: Scale mail        |    53 |    53 |   125 |    40 ||   271
       Skin              |       |       |       |    10 ||    10
Dodge: Dodged            |    31 |    49 |   117 |    82 ||   279
Block: Shield            |    74 |    67 |   176 |   148 ||   465

Table legend:
 A = Spawn XP
 B = Non-spawn XP
 C = Spawn XP percentage of total XP
 D = Spawn monster count
 E = Non-spawn monster count
 F = Spawn count percentage of total count
 G = Total turns spent on level
                    A         B        C        D         E        F      G
               +---------+---------+-------+---------+---------+-------+---------
         Total |       0 |    8630 |   0.0 |       0 |     215 |   0.0 |  6466
               +---------+---------+-------+---------+---------+-------+---------
           D:1 |       0 |      43 |   0.0 |       0 |      27 |   0.0 |   672
           D:2 |       0 |      63 |   0.0 |       0 |      20 |   0.0 |   994
           D:3 |       0 |      61 |   0.0 |       0 |      15 |   0.0 |   585
           D:4 |       0 |     314 |   0.0 |       0 |      18 |   0.0 |   813
           D:5 |       0 |     787 |   0.0 |       0 |      14 |   0.0 |   908
           D:6 |       0 |     654 |   0.0 |       0 |      27 |   0.0 |   770
           D:7 |       0 |    1548 |   0.0 |       0 |      21 |   0.0 |   684
           D:8 |       0 |    3993 |   0.0 |       0 |      31 |   0.0 |   581
           D:9 |       0 |     712 |   0.0 |       0 |      12 |   0.0 |   204
       Ossuary |       0 |     455 |   0.0 |       0 |      30 |   0.0 |   216
               +---------+---------+-------+---------+---------+-------+---------
